 Dungeon Crawl Stone Soup version 0.28-a0-1518-gbe868bca14 (webtiles) character file.

Game seed: 6687765876977856618

38065 shadowrider38 the Impaler (level 14, -3/125 HPs)
             Began as a Merfolk Gladiator on Jan 17, 2022.
             Was a High Priest of Trog.
             Slain by BlueFish's ghost (13 damage)
             ... on level 5 of the Lair of Beasts.
             The game lasted 00:35:26 (24212 turns).

shadowrider38 the Impaler (Merfolk Gladiator)      Turns: 24212, Time: 00:35:27

Health: -3/125     AC: 21    Str: 19    XL:     14   Next: 0%
Magic:  14/14      EV: 14    Int:  8    God:    Trog [*****.]
Gold:   1131       SH:  0    Dex: 15    Spells: 13/13 levels left

rFire   + + .      SeeInvis .   a - +2 glaive (vamp)
rCold   . . .      Faith    +   (shield currently unavailable)
rNeg    . . .      Spirit   .   Z - +3 scale mail {rF+}
rPois   +          Reflect  .   s - +1 helmet
rElec   +          Harm     .   u - scarf {rC+ rF+}
rCorr   +          Rampage  .   g - +2 pair of gloves
Will    +....                   S - +0 pair of boots
Stlth   ..........              x - amulet of faith
HPRegen 0.30/turn               n - +4 ring of protection
MPRegen 0.14/turn               M - ring of the Protecting Coward {+Blink rElec rPois rC- rCorr}

@: about to teleport
A: (nimble swimmer 2), mertail
a: Renounce Religion, Evoke Blink, Berserk, Trog's Hand, Brothers in Arms


You were on level 5 of the Lair of Beasts.
You worshipped Trog.
Trog was extremely pleased with you.
You visited 3 branches of the dungeon, and saw 18 of its levels.
You also visited: Sewer and Volcano.

You collected 1131 gold pieces.

Inventory:

Hand Weapons
 a - a +2 vampiric glaive (weapon)
 b - a +1 demon whip of flaming
 F - a +2 vampiric spear
Missiles
 c - 10 javelins
 d - 4 throwing nets (quivered)
 w - 4 atropa-tipped darts
 P - 2 boomerangs
 T - 29 poisoned darts
Armour
 g - a +2 pair of gloves (worn)
 s - a +1 helmet (worn)
 u - a scarf of resistance (worn)
 S - a +0 pair of boots (worn)
 Z - a +3 scale mail of fire resistance (worn)
Jewellery
 n - a +4 ring of protection (left hand)
 v - a ring of see invisible
 x - an amulet of faith (around neck)
 H - an amulet of reflection
 I - the ring of Fanaticism {Fire rN++ Will- rCorr Stlth+}
   (You found it on level 8 of the Dungeon)

   [ring of fire]

   It enhances your fire magic.
   rF:        It protects you from fire.
   rC:        It makes you vulnerable to cold.
   rN:        It greatly protects you from negative energy.
   rCorr:     It protects you from acid and corrosion.
   Will:      It decreases your willpower.
   Stlth:     It makes you more stealthy.
 K - a ring of protection from fire
 M - the ring of the Protecting Coward (right hand) {+Blink rElec rPois rC- rCorr}
   (You found it on level 8 of the Dungeon)

   [ring of resist corrosion]

   rC:        It makes you vulnerable to cold.
   rElec:     It insulates you from electricity.
   rPois:     It protects you from poison.
   +Blink:    It lets you blink.
   rCorr:     It protects you from acid and corrosion.
 U - the amulet of Hospitality {RegenMP rElec}
   (You found it on level 10 of the Dungeon)

   [amulet of magic regeneration]

   It increases your rate of magic regeneration.
   rElec:     It insulates you from electricity.
Wands
 o - a wand of iceblast (22)
 E - a wand of charming (13)
 Q - a wand of polymorph (22)
 V - a wand of mindburst (6)
 W - a wand of digging (9)
 X - a wand of flame (8)
 Y - a wand of paralysis (3)
Scrolls
 p - 5 scrolls of teleportation
 r - 3 scrolls of fog
 t - 2 scrolls of torment
 y - 2 scrolls of noise {unknown}
 z - a scroll of holy word
 C - a scroll of vulnerability
 D - 4 scrolls of fear
 G - a scroll of enchant weapon
 J - a scroll of silence
 O - 2 scrolls of immolation
 R - a scroll of blinking
Potions
 e - 2 potions of attraction
 f - 4 potions of lignification
 h - 7 potions of curing
 i - a potion of invisibility
 j - 2 potions of cancellation
 k - a potion of magic
 l - 2 potions of resistance
 m - 6 potions of haste
 q - 2 potions of flight
 A - 2 potions of might
 L - a potion of mutation
 N - 2 potions of berserk rage
Miscellaneous
 B - a phial of floods


   Skills:
 - Level 16.0 Fighting
 - Level 20.0 Polearms
 - Level 2.0 Throwing
 + Level 5.4 Armour
 + Level 10.3 Dodging
 - Level 3.1 Shields
 - Level 6.0 Evocations


You had 13 spell levels left.
You didn't know any spells.
Your spell library contained the following spells:

 Spells                   Type           Power      Damage    Failure   Level
 Airstrike                Air            0%         N/A       100%        4
 Summon Lightning Spire   Summ/Air       0%         N/A       100%        4
 Lightning Bolt           Conj/Air       0%         1d11      100%        5


Dungeon Overview and Level Annotations

Branches:
Dungeon (12/15)            Temple (1/1) D:6            Lair (5/6) D:11
  Swamp (0/4) Lair:4       Spider (0/4) Lair:3        Slime (0/5) Lair:5
  Sewer (visited)         Volcano (visited)
    Orc: D:9-12

Altars:
Ashenzari
Cheibriados
Dithmenos
Elyvilon
Fedhas
Gozag
Hepliaklqana
Kikubaaqudgha
Makhleb
Nemelex Xobeh
Okawaru
Qazlal
Ru
Sif Muna
Trog
Uskayaw
Vehumet
Wu Jian
Xom
Yredelemnul
Zin
The Shining One

Annotations:
Lair:5 BlueFish's ghost, journeyman MiFi


Innate Abilities, Weirdness & Mutations

((You are very nimble when in or above water. (Stealth+, EV+, Speed+++)))
Your lower body shifts to a powerful aquatic tail in water.


Message History

BlueFish's ghost hits you.
Unknown command.
The spriggan berserker hits you with a +1 broad axe of flaming!!
The spriggan berserker burns you.
The spriggan rider hits you but does no damage.
BlueFish's ghost hits you!
The spriggan berserker hits you with a +1 broad axe of flaming!
The spriggan berserker burns you. The spriggan rider closely misses you.
The spriggan berserker hits you with a +1 broad axe of flaming.
* * * LOW HITPOINT WARNING * * *
The spriggan rider completely misses you.
BlueFish's ghost hits you.
* * * LOW HITPOINT WARNING * * *
The moth of wrath barely misses you.
The spriggan rider hits you from afar with a +0 trident of flaming.
* * * LOW HITPOINT WARNING * * *
The moth of wrath goads the spriggan rider on!
The spriggan rider goes berserk!
The spriggan berserker hits you but does no damage.
BlueFish's ghost hits you but does no damage.
The moth of wrath goads the spriggan on!
The spriggan goes berserk!
The spriggan rider hits you from afar with a +0 trident of flaming!
* * * LOW HITPOINT WARNING * * *
There is a transporter here.
You enter the transporter and appear at another place.
The spriggan berserker mumbles some strange prayers to Trog.
The polar bear goes berserk!
BlueFish's ghost hits you.
* * * LOW HITPOINT WARNING * * *
Unknown command.
Press: ? - help, v - describe, . - travel, g - get item
Here: a spriggan berserker, wielding a +1 broad axe of flaming and wearing a +0 robe (lightly wounded)
Items here: a +0 short sword; a +0 robe.
The floor, spattered with blood.
As you read the scroll of teleportation, it crumbles to dust.
You feel strangely unstable.
The spriggan berserker hits you with a +1 broad axe of flaming.
* * * LOW HITPOINT WARNING * * *
BlueFish's ghost hits you!
You die...

................#
.....?..........#
P......#####....###
.....###...###....#
#...###......##...#
....# ###.##.##..#####
...####≈#.###.##.....#
P..#i.##...§#..#)..###
..©#iy..:_..#.i#@..#
...#ii.......iy#iW##
...##..#≈#....##h.#
....#.####..y.#..P#
....###......##..##
.....###.§.###...#
.......#####....##
#..............##
...............##


You could see a spriggan rider (berserk), a spriggan berserker, 2 moths of
wrath, a polar bear (summoned, berserk), a spriggan (berserk) and BlueFish's
ghost.

Vanquished Creatures
  The ghost of horus123 the Demolition Hill Orc, a journeyman HOMo of Makhleb (Lair:1)
  4 hydras
  2 catoblepae (Lair:2)
  A dancing weapon (Volcano)
  A tengu warrior (D:10)
  5 wizards (Volcano)
  Pikel (D:6)
  A lindwurm (Lair:1)
  A cyclops (D:11)
  6 black mambas
  5 elephants (Lair:4)
  5 toenail golems (Volcano)
  8 cane toads
  A gargoyle (D:11)
  Maggie (D:7)
  2 rime drakes
  A tengu conjurer (D:10)
  6 komodo dragons
  3 tyrant leeches
  2 polar bears (Lair:4)
  Prince Ribbit (D:5)
  14 blink frogs
  Sigmund (D:3)
  2 spriggans (Lair:5)
  A wraith (D:9)
  5 wyverns
  38 yaks
  Grum (D:10)
  A swamp worm (Lair:4)
  18 water moccasins
  3 acid dragons
  5 orc warriors
  An ice beast (D:6)
  2 black bears
  An ogre (D:5)
  A necrophage (D:8)
  10 wolves
  4 centaurs
  5 kobold brigands
  4 scorpions
  13 bullfrogs
  A gnoll sergeant (D:7)
  2 wyvern skeletons
  A water moccasin skeleton (D:5)
  5 killer bees (D:8)
  4 howler monkeys
  2 electric eels (Lair:2)
  3 centaur zombies
  A centaur skeleton (D:4)
  3 orc priests
  A bullfrog skeleton (D:5)
  A hound (D:5)
  4 jellies
  A gnoll shaman (D:5)
  2 iguanas
  Ijyb (D:3)
  Natasha (thrice) (D:4)
  13 orc wizards
  2 killer bee zombies
  A hound skeleton (D:4)
  Robin (D:3)
  2 howler monkey zombies
  10 gnolls
  5 adders
  A howler monkey skeleton (D:2)
  5 river rats
  2 ufetubi
  4 worms
  3 dart slugs
  25 orcs
  7 bats
  19 endoplasms
  9 giant cockroaches
  15 goblins
  5 hobgoblins
  13 jackals
  2 quokkas
  8 ball pythons
  7 frilled lizards
  27 kobolds
  10 rats
419 creatures vanquished.

Vanquished Creatures (others)
  6 bushes (D:11)
  34 fungi
  97 plants
137 creatures vanquished.

Grand Total: 556 creatures vanquished

Notes
Turn   | Place    | Note
-------+----------+-------------------------------------------
     0 | D:1      | shadowrider38 the Merfolk Gladiator began the quest for the
                  | Orb.
     0 | D:1      | Reached XP level 1. HP: 16/16 MP: 1/1
   136 | D:1      | Reached skill level 5 in Polearms
   136 | D:1      | Reached XP level 2. HP: 23/23 MP: 2/2
   190 | D:1      | Found a faded altar of an unknown god.
   235 | D:1      | You fall into a shaft and drop 1 floor!
   467 | D:2      | Reached XP level 3. HP: 28/28 MP: 3/3
   829 | D:3      | Found a glowing drain.
   842 | D:3      | Reached skill level 6 in Polearms
   853 | D:3      | Reached XP level 4. HP: 35/35 MP: 4/4
   880 | Sewer    | Entered a sewer
  1141 | Sewer    | Reached skill level 7 in Polearms
  1255 | Sewer    | Reached XP level 5. HP: 41/41 MP: 5/5
  1255 | Sewer    | Found a viscous altar of Jiyva.
  1824 | Sewer    | Reached skill level 8 in Polearms
  2042 | D:3      | Reached XP level 6. HP: 45/49 MP: 6/6
  2135 | D:3      | Noticed Ijyb
  2187 | D:3      | Killed Ijyb
  2548 | D:3      | Noticed Robin
  2554 | D:3      | Killed Robin
  2725 | D:3      | Noticed Sigmund
  2826 | D:3      | Killed Sigmund
  2827 | D:3      | Reached skill level 5 in Fighting
  2827 | D:3      | Reached skill level 9 in Polearms
  2827 | D:3      | Reached XP level 7. HP: 50/56 MP: 7/7
  3614 | D:2      | Reached skill level 10 in Polearms
  3931 | D:4      | Noticed Natasha
  3940 | D:4      | Killed Natasha
  4139 | D:4      | Found a blossoming altar of Fedhas.
  4159 | D:4      | Noticed Natasha
  4170 | D:4      | Killed Natasha
  4457 | D:4      | Noticed Natasha
  4462 | D:4      | Killed Natasha
  4803 | D:5      | Entered Level 5 of the Dungeon
  4954 | D:5      | Reached skill level 11 in Polearms
  4954 | D:5      | Reached XP level 8. HP: 24/64 MP: 8/8
  4965 | D:5      | Noticed Prince Ribbit
  5412 | D:5      | Reached skill level 12 in Polearms
  5624 | D:5      | Identified the +2 robe of Ylor {*Corrode Str+8 Int+4
                  | Archmagi}
  6526 | D:6      | Reached XP level 9. HP: 57/75 MP: 9/9
  6625 | D:5      | Killed Prince Ribbit
  6687 | D:6      | Found a staircase to the Ecumenical Temple.
  6727 | Temple   | Entered the Ecumenical Temple
  6982 | Temple   | Became a worshipper of Trog the Wrathful
  7189 | D:6      | Reached skill level 10 in Fighting
  7195 | D:6      | Found a stormy altar of Qazlal.
  7214 | D:6      | Reached skill level 1 in Evocations
  7247 | D:6      | Found a broken altar of Ashenzari.
  7292 | D:6      | Reached skill level 1 in Armour
  7817 | D:7      | Noticed Pikel
  7856 | D:6      | Reached * piety under Trog
  8064 | D:7      | Found an iron altar of Okawaru.
  8064 | D:7      | Found a glowing silver altar of Zin.
  8102 | D:7      | Reached skill level 5 in Dodging
  8180 | D:7      | Reached skill level 1 in Shields
  8287 | D:6      | Killed Pikel
  8288 | D:6      | Reached XP level 10. HP: 37/85 MP: 10/10
  8547 | D:7      | Found a sacrificial altar of Ru.
  8615 | D:7      | Noticed Maggie
  8679 | D:7      | Killed Maggie
  9218 | D:8      | Identified the ring of Fanaticism {Fire rN++ Will- rCorr
                  | Stlth+}
  9308 | D:8      | Reached ** piety under Trog
  9489 | D:8      | Found a shimmering altar of Xom.
  9978 | D:8      | Identified the ring of the Protecting Coward {+Blink rElec
                  | rPois rC- rCorr}
 10991 | D:9      | Reached skill level 5 in Evocations
 11118 | D:9      | Reached *** piety under Trog
 11386 | D:10     | Entered Level 10 of the Dungeon
 11563 | D:10     | Identified the amulet of Hospitality {RegenMP rElec}
 11782 | D:10     | Noticed Grum
 11807 | D:10     | Killed Grum
 12201 | D:11     | Noticed a tengu warrior
 12201 | D:11     | Noticed a cyclops
 12327 | D:10     | Reached skill level 13 in Polearms
 12457 | D:11     | Reached XP level 11. HP: 92/92 MP: 11/11
 12594 | D:11     | Noticed a six-headed hydra
 12612 | D:11     | Killed a 17-headed hydra
 13013 | D:11     | Reached skill level 14 in Polearms
 13057 | D:11     | Found a staircase to the Lair.
 13158 | D:10     | Killed a tengu warrior
 13479 | D:11     | Killed a cyclops
 13480 | D:11     | Reached skill level 15 in Polearms
 14166 | Lair:1   | Entered Level 1 of the Lair of Beasts
 14166 | Lair:1   | Found a transporter.
 14329 | Lair:1   | Reached skill level 16 in Polearms
 14422 | Lair:1   | Found a transporter.
 14423 | Lair:1   | Noticed horus123's ghost (journeyman HOMo)
 14536 | Lair:1   | Found a dark tunnel.
 14536 | Lair:1   | Noticed a lindwurm
 14542 | Lair:1   | Killed a lindwurm
 14774 | Volcano  | Entered a volcano
 14780 | Volcano  | Noticed a wizard
 14783 | Volcano  | Killed a wizard
 14790 | Volcano  | Reached XP level 12. HP: 102/102 MP: 12/12
 14799 | Volcano  | Reached skill level 17 in Polearms
 14844 | Volcano  | Reached **** piety under Trog
 15236 | Volcano  | Reached skill level 18 in Polearms
 16288 | Lair:1   | Killed horus123's ghost
 16541 | Lair:1   | Reached skill level 19 in Polearms
 16853 | Lair:2   | Noticed a catoblepas
 16868 | Lair:2   | Killed a catoblepas
 17346 | Lair:2   | Noticed a catoblepas
 17364 | Lair:2   | Killed a catoblepas
 17812 | Lair:2   | Reached skill level 20 in Polearms
 17821 | Lair:2   | Reached XP level 13. HP: 100/111 MP: 13/13
 18048 | Lair:2   | Reached ***** piety under Trog
 19778 | Lair:3   | Reached skill level 15 in Fighting
 20344 | Lair:3   | Found a hole to the Spider Nest.
 22267 | Lair:4   | Reached skill level 5 in Armour
 22605 | Lair:4   | Reached skill level 10 in Dodging
 23005 | Lair:4   | Found a staircase to the Swamp.
 23350 | Lair:5   | Found a transporter.
 23738 | Lair:5   | Found a transporter.
 23740 | Lair:5   | Noticed BlueFish's ghost (journeyman MiFi)
 23835 | Lair:5   | Found a staircase to the Slime Pits.
 23887 | Lair:5   | Found a bloodstained altar of Trog.
 24083 | Lair:5   | Reached XP level 14. HP: 125/125 MP: 14/14
 24212 | Lair:5   | Slain by BlueFish's ghost

Illustrated notes

Levels and vault maps discovered:
D:1:      lemuel_arrival_room, layout_basic,
          hellmonk_ecumenical_altar_leap_of_faith
D:2:      layout_loops_corners
D:3:      layout_basic, portal_sewer_entry_a, uniq_robin, uniq_sigmund,
          uniq_ijyb
D:4:      layout_loops_ring, fedhas_altar_2, uniq_natasha
D:5:      layout_basic, uniq_prince_ribbit1
D:6:      layout_rooms, mainiacjoe_overflow_catch_the_wave,
          minmay_temple_entry_steel_oval
D:7:      layout_rooms, nicolae_ru_great_annihilating_truth,
          chequers_temple_overflow_statue_of_worship, uniq_pikel, uniq_maggie
D:8:      layout_layer_cave, kennysheep_mini_moat, kennysheep_decorative_pillar
D:9:      layout_basic, chequers_serial_rivers_micro_a,
          chequers_serial_rivers_small_a
D:10:     layout_basic, uniq_grum
D:11:     layout_basic, minmay_lair_entry_grove, evilmike_butchery
D:12:     layout_gridville, minmay_orc_entry_temple_small, uniq_psyche
Temple:   regret_index_temple_generic_petals
Lair:1:   layout_roguey, nicolae_volcano_entry_vermiform, gammafunk_ghost_arena
Lair:2:   layout_layer_cave, chequers_serial_rivers_room_a,
          chequers_serial_rivers_micro_c, serial_bayou_shore_a
Lair:3:   layout_small_grid, spider_nest_entry_web_field, grunt_megastairs_3
Lair:4:   layout_long_grid, minmay_swamp_entry_worms, infiniplex_staircase_pool
Lair:5:   layout_regular_city, dpeg_slime_entry_corner,
          gammafunk_ghost_wrathful_warriors, nicolae_lair_lil_pond

Skill      XL: |  1  2  3  4  5  6  7  8  9 10 11 12 13 |
---------------+----------------------------------------+-----
Polearms       | 5 6 7 8 9 11 12 13 16 20 | 20.0
Fighting       | 3 4 5 8 10 12 13 16 | 16.0
Evocations     | 3 5 6 |  6.0
Armour         | 2 4 5 |  5.4
Dodging        | 6 8 10 | 10.3
Shields        | 2 3 |  3.1
Throwing       | |  2.0

Action                   |  1- 3 |  4- 6 |  7- 9 | 10-12 | 13-15 || total
-------------------------+-------+-------+-------+-------+-------++-------
Melee: Spear             |    97 |   236 |   613 |    56 |       ||  1002
       Trident           |     3 |       |       |       |       ||     3
       Tailslap          |       |     7 |       |       |    18 ||    25
       Punch             |       |       |     5 |       |       ||     5
       Glaive            |       |       |       |   623 |   412 ||  1035
       Demon whip        |       |       |       |       |    23 ||    23
Throw: Dart              |       |       |     2 |     3 |       ||     5
Invok: Berserk           |       |       |       |     8 |     6 ||    14
  Use: Scroll            |       |       |    11 |    10 |     9 ||    30
       Potion            |       |       |       |     1 |       ||     1
 Stab: Sleeping          |     2 |     1 |       |       |       ||     3
       Invisible         |       |       |       |     1 |       ||     1
       Petrified         |       |       |       |     2 |       ||     2
       Distracted        |       |       |       |     1 |       ||     1
Armor: Leather armour    |    61 |    29 |       |       |       ||    90
       Chain mail        |       |    14 |   119 |   284 |       ||   417
       Plate armour      |       |       |    47 |       |       ||    47
       Scale mail        |       |       |       |    53 |   157 ||   210
Dodge: Dodged            |   153 |    69 |    95 |   323 |   216 ||   856
Block: Buckler           |       |       |     7 |     6 |       ||    13

Table legend: (Time is in decaauts)
 A = Elapsed time spent in this place.
 B = Non-inter-level travel time spent in this place.
 C = Inter-level travel time spent in this place.
 D = Time resting spent in this place.
 E = Time spent auto-exploring this place.
 F = Levels seen in this place.
 G = Mean time per level.
                   A        B        C        D        E       F      G
               +--------+--------+--------+--------+--------+-----+--------+
         Total |  23705 |  22061 |   1644 |   7771 |  10453 |  20 | 1185.2 |
       Dungeon |  12572 |  11562 |   1010 |   3433 |   5972 |  12 | 1047.7 |
        Temple |    269 |    224 |     45 |      0 |    217 |   1 |  269.0 |
          Lair |   8875 |   8286 |    589 |   3284 |   3819 |   5 | 1775.0 |
         Sewer |    943 |    943 |      0 |    559 |    170 |   1 |  943.0 |
       Volcano |   1044 |   1044 |      0 |    494 |    274 |   1 | 1044.0 |
               +--------+--------+--------+--------+--------+-----+--------+

Top non-repeatable levels by time:
  Lair:2: 2857 daAuts
  Lair:3: 2054 daAuts
     D:6: 1650 daAuts
     D:8: 1591 daAuts
  Lair:4: 1569 daAuts
  Lair:1: 1465 daAuts
     D:3: 1430 daAuts
     D:5: 1393 daAuts
    D:10: 1315 daAuts
    D:11: 1291 daAuts
     D:2: 1123 daAuts
 Volcano: 1044 daAuts
   Sewer: 943 daAuts
  Lair:5: 927 daAuts
     D:9: 901 daAuts
